 Dungeon Crawl Stone Soup version 0.25-a0-435-g4b9beb1024 (webtiles) character file.

Game seed: 8684062819873526891, levelgen mode: deterministic

3119 kae the Grappler (level 9, -4/67 HPs)
             Began as a Ghoul Gladiator on Jan 29, 2020.
             Was an Initiate of Makhleb.
             Slain by an orc warrior
             ... wielding a +0 quarterstaff
              (22 damage)
             ... on level 8 of the Dungeon.
             The game lasted 00:08:29 (5429 turns).

kae the Grappler (Ghoul Gladiator)                  Turns: 5429, Time: 00:08:30

Health: -4/67      AC: 11    Str: 18    XL:     9   Next: 91%
Magic:  12/12      EV: 11    Int:  4    God:    Makhleb [......]
Gold:   235        SH:  0    Dex: 12    Spells: 8/8 levels left

rFire    . . .     SeeInvis .     - Unarmed
rCold    + . .     Gourm    .   (no shield)
rNeg     + + +     Faith    .   t - +2 swamp dragon scales
rPois    ∞         Spirit   .   b - +1 helmet
rElec    .         Reflect  .   (no cloak)
rCorr    +         Harm     .   (no gloves)
MR       .....                  (no boots)
Stlth    +.........             (no amulet)
HPRegen  0.00/turn              z - ring of resist corrosion
MPRegen  0.13/turn              (no ring)

@: rotting
A: rotting body, claws 1, carnivore, cold resistance 1, negative energy
resistance 3, inhibited regeneration, torment resistance, unbreathing
a: Renounce Religion


You were on level 8 of the Dungeon.
You worshipped Makhleb.
Makhleb was noncommittal.
You were not hungry.

You visited 2 branches of the dungeon, and saw 9 of its levels.

You collected 447 gold pieces.
You spent 212 gold pieces at shops.

Inventory:

Missiles
 c - 3 throwing nets (quivered)
Armour
 a - a +0 leather armour
 b - a +1 helmet (worn)
 t - +2 swamp dragon scales (worn)
Jewellery
 z - a ring of resist corrosion (left claw)
Wands
 g - a wand of paralysis (7)
 o - a wand of random effects (36)
 r - a wand of digging (13)
 s - a wand of acid (9)
Scrolls
 f - 2 scrolls of fog
 h - 2 scrolls of teleportation
 k - 8 scrolls of identify
 m - 4 scrolls of remove curse
 u - a scroll of fear
Potions
 e - 2 potions of lignification
 i - 2 potions of mutation
 j - a potion of cancellation
 l - 4 potions of curing
 n - a potion of haste
 p - a potion of degeneration
 q - 2 potions of flight
 v - a potion of magic
 w - a potion of berserk rage {unknown}
Comestibles
 d - 16 rations


   Skills:
 - Level 2.1 Fighting
 - Level 1.7 Throwing
 - Level 2.6 Dodging
 - Level 13.4 Unarmed Combat
 + Level 5.6 Invocations


You had 8 spell levels left.
You didn't know any spells.
Your spell library contained the following spells:

 Spells                   Type           Power        Failure   Level  Hunger
 Foxfire                  Conj/Fire      #...         71%         1    ##.....
 Confusing Touch          Hex            #.......     97%         3    ####...
 Conjure Flame            Conj/Fire      #.......     97%         3    ####...
 Gell's Gravitas          Tloc           #.........   97%         3    ####...
 Inner Flame              Hex/Fire       #.......     97%         3    ####...
 Petrify                  Tmut/Erth      #.......     100%        4    #####..
 Sticky Flame             Conj/Fire      #.......     100%        4    #####..
 Fireball                 Conj/Fire      #.........   100%        5    ######.
 Metabolic Englaciation   Hex/Ice        #.........   100%        5    ######.
 Yara's Violent Unravell  Hex/Tmut       #.........   100%        5    ######.


Dungeon Overview and Level Annotations

Branches:
Dungeon (8/15)             Temple (1/1) D:6
   Lair: D:8-11

Altars:
Ashenzari
Cheibriados
Dithmenos
Elyvilon
Fedhas
Hepliaklqana
Kikubaaqudgha
Makhleb
Nemelex Xobeh
Okawaru
Qazlal
Ru
Trog
Uskayaw
Vehumet
Wu Jian
Xom
Yredelemnul
Zin
The Shining One

Shops:
D:4 %??!   D:7 %

Annotations:
D:5 3 runed translucent doors, MisterFreud's ghost, novice DrTm


Innate Abilities, Weirdness & Mutations

Your body is rotting away.
You thrive on raw meat.
You are immune to poison.
You have sharp fingernails.
You are carnivorous and can eat meat at any time.
Your flesh is cold resistant. (rC+)
You are immune to negative energy. (rN+++)
You do not regenerate when monsters are visible.
You are immune to unholy pain and torment.
You can survive without breathing.


Message History

You kill the wolf!
Makhleb accepts your kill.
g - a wand of paralysis (7)
You start resting.
The orc warrior is too close now for your liking.
The orc warrior drinks a potion.
The orc warrior seems to grow stronger.
The orc shouts!
The orc warrior hits you with a +0 quarterstaff!
You see here 13 poisoned darts.
Your swamp dragon scales prevents you from hitting the orc warrior.
You scratch the orc warrior but do no damage.
The orc warrior hits you with a +0 quarterstaff!
You barely miss the orc warrior.
The orc warrior hits you with a +0 quarterstaff.
* * * LOW HITPOINT WARNING * * *
You closely miss the orc warrior.
A worker ant comes into view.
The orc barely misses you.
The orc warrior hits you with a +0 quarterstaff!!
You die...

#########.
#o@o......
#(#######.
#.# #.#
#.# #.#
#.# #.#
#.#


You could see an orc warrior and an orc.

Vanquished Creatures
  Pikel (D:7)
  Maggie (D:6)
  Grinder (D:4)
  Edmund (D:4)
  Duvessa (D:4)
  2 sky beasts
  A slave (D:7)
  An eye of draining (D:8)
  An ogre (D:4)
  A wolf (D:8)
  2 centaurs
  A bullfrog (D:7)
  Dowan (D:4)
  3 scorpions
  2 killer bees (D:8)
  2 crimson imps
  2 centaur skeletons
  An orc priest (D:5)
  2 hounds
  Ijyb (D:3)
  An iguana (D:5)
  6 orc wizards
  Natasha (D:4)
  7 worker ants
  2 worker ant zombies
  8 gnolls
  6 adders
  2 shadow imps
  An ooze (D:2)
  An adder zombie (D:6)
  2 worms (D:2)
  6 leopard geckos
  17 orcs
  3 ball pythons
  15 bats
  4 giant cockroaches
  8 goblins
  16 hobgoblins
  22 jackals
  6 quokkas
  2 frilled lizards
  8 kobolds
  2 quokka skeletons
  11 rats
185 creatures vanquished.

Vanquished Creatures (others)
  An orc wizard (D:7)
1 creature vanquished.

Grand Total: 186 creatures vanquished

Notes
Turn   | Place    | Note
-------+----------+-------------------------------------------
     0 | D:1      | kae the Ghoul Gladiator began the quest for the Orb.
     0 | D:1      | Reached XP level 1. HP: 17/17 MP: 0/0
   139 | D:1      | Reached XP level 2. HP: 17/24 MP: 1/1
   159 | D:1      | Reached skill level 4 in Unarmed Combat
   432 | D:1      | Reached XP level 3. HP: 23/29 MP: 2/2
   798 | D:1      | Reached skill level 5 in Unarmed Combat
  1065 | D:2      | Reached XP level 4. HP: 23/36 MP: 3/3
  1079 | D:2      | Found an iron altar of Okawaru.
  1165 | D:2      | Reached skill level 6 in Unarmed Combat
  1234 | D:2      | Reached XP level 5. HP: 30/41 MP: 4/4
  1617 | D:3      | Noticed a centaur
  1636 | D:3      | Killed a centaur
  1636 | D:3      | Reached skill level 7 in Unarmed Combat
  1636 | D:3      | Reached XP level 6. HP: 28/48 MP: 5/5
  1933 | D:3      | Noticed Ijyb
  1943 | D:3      | Killed Ijyb
  1955 | D:3      | Found a sacrificial altar of Ru.
  2364 | D:4      | Found Vadisiom's Magic Scroll Emporium.
  2364 | D:4      | Found Enwosapn's Food Shop.
  2379 | D:4      | Bought a scroll of identify for 24 gold pieces
  2379 | D:4      | Bought a scroll of identify for 24 gold pieces
  2379 | D:4      | Bought a scroll of identify for 24 gold pieces
  2399 | D:4      | Noticed Grinder
  2417 | D:4      | Killed Grinder
  2417 | D:4      | Reached skill level 8 in Unarmed Combat
  2417 | D:4      | Reached XP level 7. HP: 46/55 MP: 6/6
  2460 | D:4      | You fall into a shaft and drop 1 floor!
  2460 | D:5      | Entered Level 5 of the Dungeon
  2479 | D:5      | Reached skill level 9 in Unarmed Combat
  2660 | D:4      | Noticed Natasha
  2663 | D:4      | Killed Natasha
  2672 | D:4      | Noticed Edmund
  2683 | D:4      | Killed Edmund
  2683 | D:4      | Reached skill level 10 in Unarmed Combat
  2683 | D:4      | Reached XP level 8. HP: 44/61 MP: 7/7
  2742 | D:4      | Noticed Dowan
  2742 | D:4      | Noticed Duvessa
  2765 | D:4      | Killed Duvessa
  2788 | D:4      | Killed Dowan
  2866 | D:4      | Found Vefep's Distillery.
  2869 | D:4      | Bought 2 potions of heal wounds for 140 gold pieces
  2907 | D:4      | Found Bonoq's Magic Scroll Shop.
  3020 | D:5      | Reached skill level 11 in Unarmed Combat
  3180 | D:5      | Found a runed translucent gate.
  3180 | D:5      | Found a runed translucent gate.
  3180 | D:5      | Found a runed translucent gate.
  3180 | D:5      | Noticed MisterFreud's ghost (novice DrTm)
  3652 | D:6      | Noticed Maggie
  3689 | D:6      | HP: 3/61 [Maggie/bolt of fire (26)]
  3690 | D:6      | Killed Maggie
  3690 | D:6      | Reached skill level 12 in Unarmed Combat
  3690 | D:6      | Reached XP level 9. HP: 3/67 MP: 8/8
  3797 | D:6      | Found a staircase to the Ecumenical Temple.
  3827 | Temple   | Entered the Ecumenical Temple
  4036 | Temple   | Became a worshipper of Makhleb the Destroyer
  4603 | D:7      | Noticed Pikel
  4620 | D:7      | Killed Pikel
  4620 | D:7      | Reached skill level 13 in Unarmed Combat
  4655 | D:7      | Reached skill level 1 in Invocations
  4823 | D:7      | Found Kitwuczi's Food Shoppe.
  5275 | D:8      | Reached skill level 5 in Invocations
  5429 | D:8      | Slain by an orc warrior

Levels and vault maps discovered:
D:1:      lemuel_arrival_muddy, layout_basic
D:2:      layout_basic, okawaru_altar_gauntlet_db, first_ration, st_stairs_13
D:3:      layout_loops_ring, nicolae_ru_great_annihilating_truth,
          corexii_corridor_pit, uniq_ijyb
D:4:      layout_basic, serial_shops, shop, shop_statue, kennysheep_mini, shop,
          uniq_edmund, uniq_duvessa, uniq_natasha, uniq_grinder
D:5:      lemuel_ice_spiral_2, layout_basic, ebering_ghost_rock_garden
D:6:      layout_cave_pools, minmay_temple_entry_stoned_glass, uniq_maggie
D:7:      layout_loops_corners, serial_shops, nicolae_shop_window_shopping,
          minmay_a_box_with_orc_wizards_in_it, uniq_pikel
D:8:      layout_loops_ring, serial_shops, shop, uniq_grum
Temple:   hc_temple_tempest_star

Skill      XL: |  1  2  3  4  5  6  7  8  9 |
---------------+----------------------------+-----
Unarmed Combat | 4 5 6 7 8 10 12 13 | 13.4
Invocations    | 5 |  5.6
Fighting       | |  2.1
Throwing       | |  1.7
Dodging        | |  2.6

Action                   |  1- 3 |  4- 6 |  7- 9 || total
-------------------------+-------+-------+-------++-------
Melee: Unarmed           |   126 |   196 |   285 ||   607
       Punch             |     1 |     5 |    12 ||    18
Evoke: Wand              |       |       |    28 ||    28
  Use: Scroll            |     8 |     1 |    11 ||    20
       Potion            |       |       |     2 ||     2
 Stab: Sleeping          |       |     1 |       ||     1
       Paralysed         |       |     1 |       ||     1
  Eat: Chunk             |     6 |    25 |    38 ||    69
Armor: Leather armour    |    35 |    52 |    25 ||   112
       Swamp dragon scal |       |       |    54 ||    54
Dodge: Dodged            |   103 |   131 |   105 ||   339

Table legend:
 A = Non-vault XP
 B = Vault XP
 C = Vault XP percentage of total XP
 D = Non-vault monster count
 E = Vault monster count
 F = Vault count percentage of total count
                 A         B        C        D         E       F
            +---------+---------+-------+---------+---------+-------
      Total |    2227 |    2230 |  50.0 |     159 |      26 |  14.1
            +---------+---------+-------+---------+---------+-------
        D:1 |      64 |       0 |   0.0 |      37 |       0 |   0.0
        D:2 |      60 |      77 |  56.2 |      28 |       8 |  22.2
        D:3 |     231 |      43 |  15.7 |      30 |       5 |  14.3
        D:4 |     221 |     699 |  76.0 |      11 |       5 |  31.2
        D:5 |     503 |       0 |   0.0 |      19 |       0 |   0.0
        D:6 |     402 |     404 |  50.1 |      18 |       1 |   5.3
        D:7 |     228 |     891 |  79.6 |       3 |       6 |  66.7
        D:8 |     518 |     116 |  18.3 |      13 |       1 |   7.1
            +---------+---------+-------+---------+---------+-------
